[Event "Titled Tuesday Blitz April 18 Late 2023"]
[White "Mekhitarian, Krikor Sevag"]
[Black "Pranav, V"]
[WhiteFideId "2107660"]
[BlackFideId "25060783"]
[WhiteElo "2604"]
[BlackElo "2500"]
[Result "0-1"]
[Round "10"]
[TimeControl "180+2"]
[Date "2023.04.18"]
[WhiteClock "0:00:03"]
[BlackClock "0:00:44"]

1. Nf3 Nf6 2. c4 g6 3. Nc3 Bg7 4. e4 d6 5. d4 O-O 6. h3 Nbd7 7. Be3 e5 8. d5 a5 9. g4 Nc5 10. Nd2 c6 11. Be2 Bd7 12. a4 Ne8 13. h4 f5 14. g5 Na6 15. f3 Nec7 16. Nb3 Nb4 17. Qd2 fxe4 18. fxe4 cxd5 19. cxd5 Nca6 20. Nb5 Rc8 21. Rc1 Rxc1+ 22. Nxc1 Bxb5 23. axb5 Nc5 24. Bxc5 dxc5 25. Rf1 Rxf1+ 26. Kxf1 h6 27. Bg4 hxg5 28. hxg5 Bf8 29. Be6+ Kg7 30. Qf2 Qe7 31. b3 b6 32. Kg2 Kh8 33. Qf6+ Qxf6 34. gxf6 c4 35. bxc4 a4 36. Kf3 a3 37. c5 Bxc5 38. d6 Bxd6 39. Na2 Nc2 40. Kg4 Kh7 41. Bb3 Nd4 42. Bc4 Kh6 43. f7 Nc2 44. Kf3 Kg7 45. Bd5 Nd4+ 46. Kg4 Ne2 47. Kf3 Nf4 48. Bc4 Nh3 49. Nc3 Ng5+ 50. Ke3 Nxf7 51. Nd5 Bc5+ 52. Kd3 g5 53. Nc7 Nd8 54. Ne6+ Nxe6 55. Bxe6 g4 56. Ke2 g3 57. Kf3 Bf2 58. Bd5 Kf6 59. Bc4 Ke7 60. Bd5 Kd6 61. Ba2 Kc5 0-1


[Site "https://www.chess.com"]

[Event "Titled Tuesday Blitz April 18 Late 2023"]
[White "Sargsyan, Shant"]
[Black "Ashraf, Artin"]
[WhiteFideId "13306766"]
[BlackFideId "22514805"]
[WhiteElo "2628"]
[BlackElo "2188"]
[Result "0-1"]
[Round "10"]
[TimeControl "180+2"]
[Date "2023.04.18"]
[WhiteClock "0:00:32"]
[BlackClock "0:00:07"]

1. e3 c5 2. Nf3 Nf6 3. b3 g6 4. Bb2 Bg7 5. c4 O-O 6. Be2 Nc6 7. O-O b6 8. d4 cxd4 9. Nxd4 Bb7 10. Bf3 Rc8 11. Nc3 Qc7 12. Rc1 Qb8 13. h3 Rfd8 14. Nde2 Ne5 15. Bxb7 Qxb7 16. Nf4 e6 17. Nb5 Ne4 18. Qe2 a6 19. Nc3 Nxc3 20. Bxc3 b5 21. Qb2 d6 22. cxb5 axb5 23. Rfd1 Rxc3 24. Rxc3 b4 25. Rc2 Nf3+ 26. gxf3 Bxb2 27. Rxb2 Qxf3 28. Rbd2 d5 29. Kh2 Rc8 30. Nd3 Rc3 31. Nxb4 d4 32. Nd3 dxe3 33. fxe3 Qxe3 34. b4 e5 35. Nf2 Qf4+ 36. Kh1 Qxb4 37. Kg2 Qf4 38. Nd3 Qe4+ 39. Kh2 Qf5 40. Rf2 Qe6 41. Re2 e4 42. Nf4 Qe5 43. Rf1 g5 44. Rg2 Rf3 45. Re1 Qxf4+ 46. Kg1 e3 47. a4 Rf2 48. Re2 Rxg2+ 49. Kxg2 Qxa4 50. Rxe3 Qc6+ 51. Kg3 Kg7 52. h4 Qc7+ 53. Kh3 Qf4 54. Rg3 Qxh4+ 55. Kg2 h6 56. Rh3 Qe4+ 57. Kh2 f5 58. Kg1 Qg4+ 59. Kh2 Qe2+ 60. Kh1 f4 61. Ra3 Kg6 62. Ra1 f3 63. Rg1 f2 64. Rf1 Qxf1+ 65. Kh2 Qg1+ 0-1


[Site "https://www.chess.com"]

[Event "Titled Tuesday Blitz April 18 Late 2023"]
[White "Yuan, Qingyu"]
[Black "Zhigalko_Sergei"]
[WhiteFideId "8609772"]
[WhiteElo "2359"]
[BlackElo "2902"]
[Result "1/2-1/2"]
[Round "10"]
[TimeControl "180+2"]
[Date "2023.04.18"]
[WhiteClock "0:00:06"]
[BlackClock "0:00:05"]

1. e4 c5 2. Nf3 Nc6 3. Bc4 Nf6 4. d3 e6 5. O-O d5 6. Bb5 Qb6 7. a4 Be7 8. Ne5 O-O 9. Bxc6 bxc6 10. Re1 c4 11. a5 Qc7 12. Nf3 cxd3 13. cxd3 Ba6 14. Qc2 Rfd8 15. Nc3 dxe4 16. dxe4 Bd3 17. Qa4 Rab8 18. e5 Rb4 19. Qa2 Nd5 20. Nxd5 Rxd5 21. Bd2 Re4 22. Bc3 Bc5 23. h3 Re2 24. Rxe2 Bxe2 25. Nd2 h6 26. Ne4 Be7 27. Qb3 Bb5 28. Re1 a6 29. Qc2 Bd3 30. Qc1 Qd8 31. Qf4 Bc2 32. Nd6 Bxd6 33. exd6 Qxd6 34. Qg4 Bg6 35. Qc4 c5 36. Qe2 Kh7 37. Be5 Qc6 38. Bc3 c4 39. Qf3 Qd6 40. Qe3 Rd1 41. Qe2 Rd3 42. Qg4 Qd5 43. Qe2 Qf5 44. f3 Qg5 45. Qe5 Qxe5 46. Rxe5 Rd1+ 47. Kf2 Rd5 48. Rxd5 exd5 49. Ke3 Bd3 50. Kd4 Bf1 51. g3 Bxh3 52. Kxd5 Bg2 53. Kc5 Bxf3 54. Kb6 g5 55. Kxa6 Kg6 56. Kb6 Kf5 57. Kc5 Kg4 58. Be1 f5 59. Kxc4 f4 60. gxf4 Kxf4 61. b4 Ke5 62. b5 h5 63. a6 h4 64. b6 Kd6 65. b7 Bxb7 66. axb7 Kc7 67. Kd4 Kxb7 68. Ke5 h3 69. Bg3 h2 70. Bxh2 g4 71. Kf4 g3 72. Kxg3 1/2-1/2


[Site "https://www.chess.com"]

[Event "Titled Tuesday Blitz April 18 Late 2023"]
[White "Begmuratov, Alisher"]
[Black "Anton Guijarro, David"]
[WhiteFideId "14203367"]
[BlackFideId "2285525"]
[WhiteElo "2387"]
[BlackElo "2618"]
[Result "1-0"]
[Round "10"]
[TimeControl "180+2"]
[Date "2023.04.18"]
[WhiteClock "0:00:06"]
[BlackClock "0:00:11"]

1. c4 c5 2. g3 Nc6 3. Bg2 g6 4. Nf3 Bg7 5. O-O d6 6. Nc3 Bf5 7. Re1 Qd7 8. a3 Bh3 9. Bh1 h5 10. b4 h4 11. e3 hxg3 12. hxg3 Bxc3 13. dxc3 Bg4 14. Bg2 Bh3 15. Bh1 Nf6 16. b5 Na5 17. e4 Bg4 18. e5 Rxh1+ 19. Kxh1 Qf5 20. Bf4 O-O-O 21. exf6 Qh5+ 22. Kg2 Qh3+ 23. Kg1 Rh8 24. Nh4 Bxd1 25. fxe7 Re8 26. Raxd1 Nxc4 27. Bxd6 Nxd6 28. Rxd6 Qg4 29. Rd2 Qc4 30. Re3 Qxb5 31. Ng2 g5 32. Re1 Qb3 33. Rd3 Qc2 34. Rde3 Qd2 35. c4 a6 36. R3e2 Qd3 37. a4 Qxc4 38. Ne3 Qd3 39. Ng4 Qd4 40. Re4 Qd6 41. Re5 b5 42. axb5 axb5 43. R5e3 c4 44. Ne5 Rxe7 45. Nxc4 bxc4 46. Rxe7 c3 47. R7e3 Qd2 48. R3e2 Qd4 49. Re4 Qd2 50. Rc4+ Kd7 51. Ree4 Kd6 52. Red4+ Qxd4 53. Rxd4+ Kc5 54. Rd8 Kc4 55. Kf1 c2 56. Rc8+ Kd3 57. Ke1 f5 58. Rc5 f4 59. gxf4 gxf4 60. Rc8 f3 61. Rc7 1-0


[Site "https://www.chess.com"]

[Event "Titled Tuesday Blitz April 18 Late 2023"]
[White "Bilych, Olexiy"]
[Black "Hansen, Eric"]
[WhiteFideId "14156504"]
[BlackFideId "2606771"]
[WhiteElo "2320"]
[BlackElo "2561"]
[Result "0-1"]
[Round "10"]
[TimeControl "180+2"]
[Date "2023.04.18"]
[WhiteClock "0:00:03"]
[BlackClock "0:01:58"]

1. d4 Nf6 2. c4 e6 3. Nf3 Bb4+ 4. Nbd2 O-O 5. a3 Be7 6. e4 d6 7. Bd3 e5 8. O-O exd4 9. Nxd4 Nc6 10. N2f3 Re8 11. b4 Bf8 12. Re1 Ne5 13. Bb2 Bg4 14. h3 Bh5 15. g4 Nxd3 16. Qxd3 Bg6 17. Nf5 a5 18. Bc3 axb4 19. axb4 Rxa1 20. Bxa1 Nd7 21. Rd1 b6 22. Qd4 f6 23. h4 Qa8 24. Qd5+ Qxd5 25. exd5 h5 26. Ne3 hxg4 27. Nxg4 Bh5 28. Rd4 Ra8 29. Bb2 Ra2 30. Bc3 Ra3 31. Bd2 Rxf3 32. Ne3 Ne5 33. Kg2 g6 34. c5 dxc5 35. bxc5 Bxc5 36. Re4 Kf7 37. Ra4 f5 38. Ra7 Bd6 39. Bc3 Nd3 40. Nc4 Rxf2+ 41. Kg1 Bh2+ 42. Kh1 Bf3# 0-1


[Site "https://www.chess.com"]

[Event "Titled Tuesday Blitz April 18 Late 2023"]
[White "Tregubov, Pavel V."]
[Black "Rustemov, Alexander"]
[WhiteFideId "4115341"]
[BlackFideId "4119002"]
[WhiteElo "2425"]
[BlackElo "2860"]
[Result "0-1"]
[Round "10"]
[TimeControl "180+2"]
[Date "2023.04.18"]
[WhiteClock "0:00:23"]
[BlackClock "0:01:27"]

1. e4 e6 2. d4 d5 3. e5 c5 4. c3 Qb6 5. Nf3 Bd7 6. Be2 cxd4 7. cxd4 Bb5 8. Nc3 Bxe2 9. Nxe2 Bb4+ 10. Bd2 Ne7 11. O-O Bxd2 12. Qxd2 O-O 13. Ng3 Nbc6 14. Nh5 h6 15. Rfd1 Rac8 16. Rab1 Ng6 17. b4 Nce7 18. Rdc1 Rc4 19. Rxc4 dxc4 20. a4 Rc8 21. a5 Qc6 22. Rc1 c3 23. Qd3 Nd5 24. b5 Qc7 25. a6 bxa6 26. bxa6 Qb6 27. h4 Rc6 28. Ng3 Qxa6 29. Qb1 Qb6 30. Qa1 Qb2 31. Ne4 Qxa1 32. Rxa1 c2 33. Rc1 Ngf4 0-1


[Site "https://www.chess.com"]

[Event "Titled Tuesday Blitz April 18 Late 2023"]
[White "Indjic, Aleksandar"]
[Black "Weetik, Vjacheslav"]
[WhiteFideId "911925"]
[BlackFideId "4153472"]
[WhiteElo "2614"]
[BlackElo "2469"]
[Result "0-1"]
[Round "10"]
[TimeControl "180+2"]
[Date "2023.04.18"]
[WhiteClock "0:00:56"]
[BlackClock "0:00:34"]

1. e4 c6 2. Nf3 d5 3. d3 Bg4 4. Nbd2 e6 5. h3 Bh5 6. Qe2 Nf6 7. g3 Be7 8. Bg2 a5 9. a4 Na6 10. O-O O-O 11. g4 Bg6 12. Ne5 Nd7 13. Nxg6 hxg6 14. f4 dxe4 15. dxe4 g5 16. Nf3 gxf4 17. Bxf4 Qb6+ 18. Kh1 Qxb2 19. e5 Nb4 20. Rac1 Nd5 21. Bg3 Nc5 22. h4 Qa3 23. Rfe1 Rad8 24. h5 Qxa4 25. c4 Nb4 26. h6 Nbd3 27. Ra1 Qxc4 28. Reb1 Qxg4 29. Bh2 Ne4 30. Kg1 Bc5+ 0-1


[Site "https://www.chess.com"]

[Event "Titled Tuesday Blitz April 18 Late 2023"]
[White "Flores, Diego"]
[Black "Aldokhin, Ivan"]
[WhiteFideId "108049"]
[BlackFideId "24115720"]
[WhiteElo "2613"]
[BlackElo "2322"]
[Result "1-0"]
[Round "10"]
[TimeControl "180+2"]
[Date "2023.04.18"]
[WhiteClock "0:01:04"]
[BlackClock "0:00:16"]

1. c4 Nf6 2. Nc3 g6 3. e4 d6 4. d4 Bg7 5. Nf3 O-O 6. Be2 Nc6 7. d5 Nb4 8. h3 Re8 9. Be3 e6 10. Qd2 exd5 11. exd5 a5 12. O-O Na6 13. Rfe1 Nc5 14. Bg5 Bd7 15. Bf1 a4 16. g4 a3 17. b4 Nce4 18. Nxe4 Nxe4 19. Rxe4 Rxe4 20. Bxd8 Bxa1 21. Bxc7 Bb2 22. Bxd6 Ba4 23. Bd3 Ree8 24. Bc2 Bd7 25. Bf4 Re7 26. Bg5 f6 27. Be3 Rae8 28. d6 Re6 29. c5 Kh8 30. Bb3 Re4 31. Bd5 R4e6 32. Bd4 Re2 33. Qxb2 1-0


[Site "https://www.chess.com"]

[Event "Titled Tuesday Blitz April 18 Late 2023"]
[White "Goltsev, Dmitry"]
[Black "Rastbod, Ali"]
[WhiteFideId "24176710"]
[BlackFideId "12567477"]
[WhiteElo "2336"]
[BlackElo "2248"]
[Result "0-1"]
[Round "10"]
[TimeControl "180+2"]
[Date "2023.04.18"]
[WhiteClock "0:00:15"]
[BlackClock "0:00:06"]

1. e4 c6 2. d4 d5 3. Nc3 dxe4 4. Nxe4 Nf6 5. Ng3 h5 6. h4 c5 7. Nf3 Nc6 8. c3 cxd4 9. Nxd4 Nxd4 10. Qxd4 Qxd4 11. cxd4 Bd7 12. f3 e6 13. Bd2 Bd6 14. Kf2 O-O 15. Bd3 e5 16. Bc3 Nd5 17. Nxh5 Nxc3 18. bxc3 Rac8 19. Rac1 Ba3 20. Rc2 Ba4 21. Rd2 Rxc3 22. dxe5 Bc5+ 23. Ke2 Re8 24. f4 f6 25. Bg6 Re3+ 26. Kf2 R3xe5+ 27. Kg3 Re3+ 28. Kh2 Rf8 29. Rc1 b6 30. Ng3 Be8 31. h5 Bxg6 32. hxg6 f5 33. Rcd1 Re6 34. Rd5 Rxg6 35. Nxf5 Rgf6 36. g4 g6 37. Nh6+ Kg7 38. Rd7+ Kh8 39. Rxa7 Rxf4 40. Rdd7 Rf2+ 41. Kg3 R8f3+ 42. Kh4 Rh2+ 43. Kg5 Be3+ 44. Kxg6 Rxh6# 0-1


[Site "https://www.chess.com"]

[Event "Titled Tuesday Blitz April 18 Late 2023"]
[White "Adla, Diego"]
[Black "Holt, Conrad"]
[WhiteFideId "100072"]
[BlackFideId "2034387"]
[WhiteElo "2377"]
[BlackElo "2592"]
[Result "1-0"]
[Round "10"]
[TimeControl "180+2"]
[Date "2023.04.18"]
[WhiteClock "0:00:27"]
[BlackClock "0:00:08"]

1. e4 e6 2. d3 d5 3. Qe2 dxe4 4. dxe4 e5 5. Nf3 Nd7 6. g3 Ngf6 7. Bg2 Bc5 8. O-O O-O 9. c3 a5 10. a4 b6 11. Rd1 Ng4 12. Rf1 Ba6 13. c4 Qe7 14. b3 Rad8 15. Nh4 Ngf6 16. Nf5 Qe6 17. Bh3 Kh8 18. Nc3 g6 19. Nd5 Nxd5 20. exd5 Qxd5 21. Ne3 Qc6 22. Bg2 Qe6 23. Nd5 Bd6 24. Bb2 c6 25. Nf4 Qf5 26. Be4 Qg5 27. Bxc6 Nc5 28. Rad1 Kg8 29. Nd5 Nxb3 30. h4 Qf5 31. Qe3 Nd4 32. Bxd4 exd4 33. Qxd4 Bc5 34. Qxc5 bxc5 35. Ne7+ Kg7 36. Nxf5+ gxf5 37. Bb5 Bb7 38. f4 Be4 39. Kf2 Bc2 40. Rxd8 Rxd8 41. Rc1 Rd2+ 42. Ke3 Rh2 43. Bc6 Kf6 44. h5 Bb3 45. Bf3 Rc2 46. Rb1 Bxa4 47. Ra1 Rxc4 48. Rb1 Rb4 49. Rc1 c4 50. Bd5 Bb5 51. Rc3 a4 52. Kd4 Ke7 53. Bxc4 a3 54. Rxa3 Rxc4+ 55. Ke5 Rc5+ 56. Kd4 Rc7 57. Ke5 Bd7 58. h6 1-0


[Site "https://www.chess.com"]

[Event "Titled Tuesday Blitz April 18 Late 2023"]
[White "Makridis, Dimitrios"]
[Black "Pesotskiy, Mikhail"]
[WhiteFideId "25864475"]
[BlackFideId "34164453"]
[WhiteElo "2277"]
[BlackElo "2131"]
[Result "1-0"]
[Round "10"]
[TimeControl "180+2"]
[Date "2023.04.18"]
[WhiteClock "0:00:06"]
[BlackClock "0:00:01"]

1. e4 e6 2. d4 d5 3. Nc3 Bb4 4. e5 c5 5. a3 Bxc3+ 6. bxc3 Qa5 7. Bd2 Qa4 8. Qg4 Kf8 9. Nf3 Ne7 10. Be2 b6 11. h4 Ba6 12. Bxa6 Nxa6 13. h5 h6 14. Ra2 Rc8 15. O-O Kg8 16. Qh3 Kh7 17. Kh1 cxd4 18. Nxd4 Nc5 19. Raa1 Nc6 20. Nxc6 Rxc6 21. f4 Qxc2 22. Be3 Qf5 23. Qxf5+ exf5 24. Rfd1 Rd8 25. c4 d4 26. Bxd4 Nb3 27. Be3 Nxa1 28. Rxd8 Rxc4 29. Rd7 Nc2 30. Bc1 Nd4 31. Bb2 Ne6 32. Rxf7 Nxf4 33. e6 Nxe6 34. Re7 Re4 35. Rxa7 Re2 36. Bc3 Re3 37. Bb2 Re2 38. Bc3 Re3 39. Bb4 Nf4 40. Rb7 Re6 41. Bc3 Nxh5 42. Bd4 Ng3+ 43. Kh2 Nf1+ 44. Kg1 1-0


[Site "https://www.chess.com"]

[Event "Titled Tuesday Blitz April 18 Late 2023"]
[White "Lizak, Peter"]
[Black "Costachi, Mihnea"]
[WhiteFideId "731595"]
[BlackFideId "1217518"]
[WhiteElo "2420"]
[BlackElo "2456"]
[Result "0-1"]
[Round "10"]
[TimeControl "180+2"]
[Date "2023.04.18"]
[WhiteClock "0:00:11"]
[BlackClock "0:00:06"]

1. c4 Nf6 2. Nc3 e5 3. Nf3 Nc6 4. e3 Bb4 5. Qc2 Bxc3 6. Qxc3 O-O 7. Nxe5 Nxe5 8. Qxe5 Re8 9. Qd4 d5 10. cxd5 Re4 11. Qc3 Nxd5 12. Qc2 Bf5 13. d3 Re6 14. a3 Nf4 15. e4 Qd6 16. Be3 Bg6 17. g3 Nh5 18. Qc5 Qa6 19. Be2 Nf6 20. d4 Qa4 21. e5 Ne4 22. Qb4 Qd7 23. Bg4 Qd5 24. Bxe6 fxe6 25. f3 c5 26. Qa4 Rd8 27. O-O cxd4 28. fxe4 Bxe4 29. Qxd4 Qxd4 30. Bxd4 Rxd4 31. Rad1 Rxd1 32. Rxd1 Kf7 33. Rd7+ Kg6 34. Kf2 Bc6 35. Ke3 Bxd7 36. Kf4 Bc6 37. h4 h6 38. g4 Kf7 39. h5 Ke7 40. Ke3 Kd7 41. Kd4 Bf3 0-1


[Site "https://www.chess.com"]

[Event "Titled Tuesday Blitz April 18 Late 2023"]
[White "Pinheiro, Iung Alicio de O."]
[Black "Baskakov, Egor"]
[WhiteFideId "2104350"]
[BlackFideId "24197866"]
[WhiteElo "2283"]
[BlackElo "2212"]
[Result "0-1"]
[Round "10"]
[TimeControl "180+2"]
[Date "2023.04.18"]
[WhiteClock "0:00:03"]
[BlackClock "0:00:25"]

1. e4 c5 2. Nf3 Nf6 3. e5 Nd5 4. Nc3 e6 5. Bc4 Nb6 6. d3 d5 7. Bb5+ Bd7 8. a4 a6 9. Bxd7+ N6xd7 10. O-O Nc6 11. Re1 g6 12. Bg5 Qc7 13. Bf6 Nxf6 14. exf6 O-O-O 15. Ne2 e5 16. Ng3 h5 17. Qe2 h4 18. Nf1 Bd6 19. c4 dxc4 20. dxc4 Nd4 21. Nxd4 exd4 22. Qf3 h3 23. g3 Qc6 24. Nd2 Qxf3 25. Nxf3 Rh5 26. g4 Rhh8 27. Ng5 Rd7 28. Re4 Bc7 29. Rae1 Bd8 30. Re8 Rxe8 31. Rxe8 d3 32. Re1 Bxf6 33. Ne4 Bxb2 34. Nxc5 Rd4 35. Rd1 d2 36. Nb3 Rxg4+ 37. Kf1 Bc3 0-1


[Site "https://www.chess.com"]

[Event "Titled Tuesday Blitz April 18 Late 2023"]
[White "Janaszak, Dawid"]
[Black "Gaehwiler, Gabriel"]
[WhiteFideId "1119206"]
[BlackFideId "1314530"]
[WhiteElo "2220"]
[BlackElo "2437"]
[Result "0-1"]
[Round "10"]
[TimeControl "180+2"]
[Date "2023.04.18"]
[WhiteClock "0:00:02"]
[BlackClock "0:00:18"]

1. e4 c5 2. Nc3 a6 3. d4 cxd4 4. Qxd4 Nc6 5. Qd2 Nf6 6. b3 d6 7. Bb2 e6 8. O-O-O Be7 9. f3 O-O 10. g4 b5 11. g5 Nd7 12. h4 Bb7 13. Nh3 Rc8 14. Kb1 Qb6 15. g6 fxg6 16. Ng5 Nc5 17. Bh3 Nd8 18. h5 h6 19. b4 Bxg5 20. bxc5 Bxd2 21. cxb6 Bxc3 22. Rxd6 gxh5 23. Ba3 b4 24. Bc1 Rxf3 25. Bg2 Rf2 26. Rhd1 Nf7 27. Rd7 Rb8 28. Rc7 Be5 29. Re7 Rxg2 30. Rdd7 Bxe4 31. Rxf7 Bxc2# 0-1


[Site "https://www.chess.com"]

[Event "Titled Tuesday Blitz April 18 Late 2023"]
[White "cryptoguru02"]
[Black "Rozman, Levy"]
[BlackFideId "2039877"]
[WhiteElo "2610"]
[BlackElo "2376"]
[Result "0-1"]
[Round "10"]
[TimeControl "180+2"]
[Date "2023.04.18"]
[WhiteClock "0:00:05"]
[BlackClock "0:01:29"]

1. d4 d5 2. c4 e6 3. Nc3 a6 4. cxd5 exd5 5. Bf4 Nf6 6. e3 Bd6 7. Bxd6 Qxd6 8. Bd3 O-O 9. Nf3 Re8 10. O-O Bg4 11. h3 Bh5 12. Rb1 Nbd7 13. Be2 b5 14. Rc1 c6 15. Nb1 Ne4 16. Nbd2 f5 17. Ne1 Bg6 18. Nd3 Rac8 19. Nf3 c5 20. dxc5 Ndxc5 21. Nxc5 Rxc5 22. Rxc5 Qxc5 23. Nd4 Rc8 24. Bd3 Qb4 25. Qb3 Qd6 26. Bxe4 fxe4 27. Rd1 Bf7 28. a4 b4 29. a5 h5 30. Rd2 Kh7 31. Rc2 Rc4 32. Qa4 Qc7 33. Rxc4 dxc4 34. Qc2 Bd5 35. Ne2 c3 36. bxc3 b3 37. Qb1 Qxa5 38. c4 Qa2 39. Nc3 Qxb1+ 40. Nxb1 Bxc4 41. Nd2 b2 42. f3 a5 0-1


[Site "https://www.chess.com"]

[Event "Titled Tuesday Blitz April 18 Late 2023"]
[White "Kosteniuk, Alexandra"]
[Black "Lewicki, Miroslaw"]
[WhiteFideId "4128125"]
[BlackFideId "1113380"]
[WhiteElo "2453"]
[BlackElo "2212"]
[Result "1-0"]
[Round "10"]
[TimeControl "180+2"]
[Date "2023.04.18"]
[WhiteClock "0:00:14"]
[BlackClock "0:00:20"]

1. e4 c5 2. c3 d6 3. d4 cxd4 4. cxd4 g6 5. Nc3 Bg7 6. Nf3 Nf6 7. h3 O-O 8. Bd3 a6 9. O-O b5 10. a4 b4 11. Ne2 Bb7 12. Ng3 a5 13. Bg5 Nbd7 14. Qd2 Qb6 15. Bh6 e5 16. Bxg7 Kxg7 17. dxe5 dxe5 18. Qg5 Rad8 19. Rfe1 Kh8 20. Qh6 Ng8 21. Qc1 Nc5 22. Bc2 b3 23. Bb1 f6 24. Qc3 Rd6 25. Nd2 Ba6 26. Rc1 Rc8 27. Nc4 Bxc4 28. Qxc4 Nxe4 29. Bxe4 Rxc4 30. Rxc4 Rd2 31. Rf1 Rxb2 32. Rc8 Rd2 33. Bb1 b2 34. Ne4 Rd8 35. Rc5 f5 36. Rb5 Qd4 37. Ng5 Rc8 38. Rb7 Nf6 39. Nf7+ Kg8 40. Ba2 Rc1 41. Ng5+ Nd5 42. Rb8+ Kg7 43. Ne6+ Kf6 44. Nxd4 Nc3 45. Rb6+ Kg5 46. Nf3+ Kf4 47. Rxb2 Ne2+ 48. Rxe2 1-0


[Site "https://www.chess.com"]

[Event "Titled Tuesday Blitz April 18 Late 2023"]
[White "UnknownxArmy"]
[Black "Gubajdullin, Alexei"]
[BlackFideId "4141202"]
[WhiteElo "2697"]
[BlackElo "2279"]
[Result "0-1"]
[Round "10"]
[TimeControl "180+2"]
[Date "2023.04.18"]
[WhiteClock "0:02:06"]
[BlackClock "0:01:01"]

1. b3 Nf6 2. Bb2 g6 3. e3 Bg7 4. c4 O-O 5. Nf3 b6 6. Nc3 Bb7 7. d4 e6 8. Bd3 c5 9. O-O Nc6 10. Qe2 cxd4 11. Nxd4 Nxd4 12. exd4 d5 13. Rfd1 Nh5 14. Qe3 dxc4 15. Bxc4 Qh4 16. d5 exd5 17. Bxd5 Bxd5 18. Rxd5 Nf4 19. Rdd1 Qg4 20. g3 Bxc3 21. Bxc3 Ne2+ 22. Kg2 Rfe8 23. Qd3 Nf4+ 0-1


[Site "https://www.chess.com"]

[Event "Titled Tuesday Blitz April 18 Late 2023"]
[White "Matinian, Nikita"]
[Black "Lenaerts, Lennert"]
[WhiteFideId "24129100"]
[BlackFideId "211435"]
[WhiteElo "2422"]
[BlackElo "2334"]
[Result "0-1"]
[Round "10"]
[TimeControl "180+2"]
[Date "2023.04.18"]
[WhiteClock "0:00:03"]
[BlackClock "0:00:55"]

1. e4 e5 2. Nf3 Nc6 3. Bb5 g6 4. Nc3 Bg7 5. d3 Nge7 6. h4 h6 7. Be3 a6 8. Bc4 Na5 9. Qd2 c6 10. Bb3 d5 11. exd5 cxd5 12. d4 e4 13. Ng1 Nxb3 14. axb3 Nf5 15. Nge2 Nxh4 16. Nf4 Be6 17. O-O-O Nf5 18. Nxe6 fxe6 19. g4 Nxe3 20. fxe3 b5 21. Ne2 g5 22. Ng3 Qc7 23. Nh5 Rc8 24. Kb1 Rf8 25. Rhf1 Rf7 26. c3 Kf8 27. Rxf7+ Kxf7 28. Rf1+ Kg8 29. Kc2 Rf8 30. Rxf8+ Kxf8 31. Qf2+ Kg8 32. b4 Kh7 33. b3 Kg6 34. Kb2 Qd6 35. Ng3 Qf8 36. Qxf8 Bxf8 37. Kc2 Bd6 38. Nh5 e5 39. Kd2 exd4 40. exd4 Bf4+ 41. Ke2 Kf7 42. Kf2 Bd2 43. Ng3 Bxc3 44. Nf5 Kf6 0-1


[Site "https://www.chess.com"]

[Event "Titled Tuesday Blitz April 18 Late 2023"]
[White "Martinez Ramirez, Lennis"]
[Black "mrithyunjay"]
[WhiteFideId "3509079"]
[WhiteElo "2410"]
[BlackElo "2492"]
[Result "0-1"]
[Round "10"]
[TimeControl "180+2"]
[Date "2023.04.18"]
[WhiteClock "0:00:07"]
[BlackClock "0:01:03"]

1. c4 g6 2. d4 Nf6 3. Nc3 d5 4. Nf3 Bg7 5. Qa4+ Nc6 6. cxd5 Nxd5 7. e4 Nb6 8. Qb3 Nxd4 9. Nxd4 Qxd4 10. Be3 Qe5 11. f4 Qa5 12. Qb5+ Qxb5 13. Nxb5 Kd8 14. O-O-O+ Bd7 15. e5 c6 16. Nd4 Kc7 17. g3 Rad8 18. Bg2 Bg4 19. Rde1 Nc4 20. Bf2 h5 21. h3 Bc8 22. b3 Nb6 23. Rd1 a6 24. Rd2 g5 25. Rhd1 h4 26. gxh4 gxf4 27. Nb5+ axb5 28. Rxd8 Rxd8 29. Bxb6+ Kxb6 30. Rxd8 Be6 31. Re8 Bxe5 32. h5 Bf6 33. Be4 Bg5 34. h4 Bxh4 35. h6 f3 36. h7 f2 37. Bg2 Bg5+ 38. Kb2 Bf6+ 39. Ka3 c5 40. Rxe7 b4+ 41. Ka4 Bxe7 42. Bc6 f1=Q 43. h8=Q Qa6# 0-1


[Site "https://www.chess.com"]

[Event "Titled Tuesday Blitz April 18 Late 2023"]
[White "Averjanov, Alexey"]
[Black "Petrovic, Aleksa"]
[WhiteFideId "14109867"]
[BlackFideId "967629"]
[WhiteElo "2655"]
[BlackElo "2309"]
[Result "1-0"]
[Round "10"]
[TimeControl "180+2"]
[Date "2023.04.18"]
[WhiteClock "0:00:16"]
[BlackClock "0:00:08"]

1. d4 Nf6 2. c4 e6 3. Nf3 b6 4. g3 Ba6 5. Nbd2 d5 6. Qc2 Be7 7. Bg2 O-O 8. O-O c5 9. dxc5 bxc5 10. e3 Nc6 11. Rd1 Qb6 12. cxd5 Nb4 13. Qb3 exd5 14. Bf1 c4 15. Qc3 Nd3 16. Nd4 Ng4 17. Bxd3 Bb4 18. Bxh7+ Kxh7 19. Qc2+ Kg8 20. N2f3 Rac8 21. Bd2 Bc5 22. Bc3 Nf6 23. Ng5 Rfd8 24. Qf5 Rc7 25. Rd2 Bc8 26. Qf4 Bg4 27. Nf5 Bh5 28. Re1 Bg6 29. Nh6+ Kf8 30. Ng4 Bd6 31. Ne5 Be4 32. Nxe4 dxe4 33. Red1 Rcc8 34. Rxd6 1-0


[Site "https://www.chess.com"]

[Event "Titled Tuesday Blitz April 18 Late 2023"]
[White "Sabuk, Piotr"]
[Black "Mickiewicz, Piotr"]
[WhiteFideId "1137565"]
[BlackFideId "1114891"]
[WhiteElo "2298"]
[BlackElo "2246"]
[Result "1-0"]
[Round "10"]
[TimeControl "180+2"]
[Date "2023.04.18"]
[WhiteClock "0:00:31"]
[BlackClock "0:00:10"]

1. d4 Nf6 2. c4 e6 3. Nf3 Bb4+ 4. Nbd2 d5 5. g3 O-O 6. Qc2 b6 7. Bg2 Bb7 8. cxd5 exd5 9. O-O Re8 10. a3 Bd6 11. Nb1 Ne4 12. Re1 Nd7 13. Nc3 Nxc3 14. bxc3 c5 15. dxc5 bxc5 16. c4 d4 17. Ng5 Bxg2 18. Qxh7+ Kf8 19. Qh8+ Ke7 20. Qxg7 Qa5 21. Kxg2 Qxe1 22. Nxf7 Rg8 23. Bg5+ Ke6 24. Qh6+ Kxf7 25. Rxe1 Bf8 26. Qh7+ Rg7 27. Qf5+ Kg8 28. Qd5+ 1-0


[Site "https://www.chess.com"]

[Event "Titled Tuesday Blitz April 18 Late 2023"]
[White "Yeritsyan, Hayk"]
[Black "Grigoriants, Sergey"]
[WhiteFideId "13307320"]
[BlackFideId "4130804"]
[WhiteElo "2432"]
[BlackElo "2502"]
[Result "0-1"]
[Round "10"]
[TimeControl "180+2"]
[Date "2023.04.18"]
[WhiteClock "0:00:03"]
[BlackClock "0:00:05"]

1. d4 Nf6 2. Nf3 g6 3. Bf4 Bg7 4. h3 c5 5. e3 Qb6 6. Nc3 cxd4 7. exd4 O-O 8. a3 d6 9. Be2 Bf5 10. Rb1 Nc6 11. O-O Rac8 12. Be3 Qa5 13. Bd3 Bxd3 14. Qxd3 e5 15. dxe5 dxe5 16. Ne4 Rfd8 17. Nxf6+ Bxf6 18. Qe4 Qd5 19. Qxd5 Rxd5 20. Rfd1 Rxd1+ 21. Rxd1 e4 22. Nd4 Nxd4 23. Bxd4 Bxd4 24. Rxd4 Rxc2 25. Rxe4 Rxb2 26. Re7 h5 27. h4 a5 28. g3 a4 29. Kg2 Rb3 30. Rc7 b5 31. Rb7 Kg7 32. Rc7 Kf6 33. Rb7 Ke6 34. Kg1 Kd5 35. Rxf7 Rxa3 36. Rg7 Rc3 37. Rxg6 a3 38. Ra6 b4 39. g4 hxg4 40. h5 Rc6 41. Ra5+ Kc4 42. Kg2 b3 43. Rxa3 b2 44. Ra1 bxa1=Q 0-1


[Site "https://www.chess.com"]

[Event "Titled Tuesday Blitz April 18 Late 2023"]
[White "Hajiyev, Kanan"]
[Black "Vivekananthan, Anish"]
[WhiteFideId "13404148"]
[BlackFideId "2090775"]
[WhiteElo "2103"]
[BlackElo "2822"]
[Result "1-0"]
[Round "10"]
[TimeControl "180+2"]
[Date "2023.04.18"]
[WhiteClock "0:00:16"]
[BlackClock "0:00:02"]

1. d4 Nf6 2. c4 e6 3. Nf3 b6 4. g3 Bb7 5. Bg2 c5 6. d5 exd5 7. Nh4 d6 8. O-O Be7 9. Nf5 O-O 10. Nc3 g6 11. Nxe7+ Qxe7 12. Bg5 Nbd7 13. Nxd5 Bxd5 14. Bxd5 Rad8 15. h4 Qe5 16. Bc6 Rc8 17. Bxd7 Nxd7 18. Qd2 Qe6 19. b3 Nf6 20. Bxf6 Qxf6 21. Rad1 Rcd8 22. Qf4 Qxf4 23. gxf4 Rfe8 24. e3 Kf8 25. Rd5 Ke7 26. h5 Ra8 27. Kg2 a6 28. Rfd1 Red8 29. Kf3 b5 30. e4 bxc4 31. bxc4 Rab8 32. Kg4 Rb4 33. e5 Rxc4 34. exd6+ Kf6 35. h6 Rd7 36. Re1 Rd4 37. Ree5 Rxd6 38. Rxd6+ Rxd6 39. Rxc5 Rb6 40. f3 Rd6 41. a4 Re6 42. a5 Re1 43. Rc6+ Ke7 44. Rxa6 Rg1+ 45. Kh3 Rh1+ 46. Kg3 1-0


[Site "https://www.chess.com"]